 Dungeon Crawl Stone Soup version 0.22.1-1-ga44c0e56f4 (webtiles) character file.

36 CaptainPlanet the Magician (level 3, -5/19 HPs)
             Began as a Deep Elf Wizard on Oct 17, 2018.
             Slain by a fire vortex (20 damage)
             ... summoned by miscasting Conjure Flame
             ... on level 5 of the Dungeon.
             The game lasted 00:14:12 (1952 turns).

CaptainPlanet the Magician (Deep Elf Wizard)        Turns: 1952, Time: 00:14:12

Health: -5/19      AC:  5    Str:  4    XL:     3   Next: 19%
Magic:  9/12       EV: 11    Int: 23    God:
Gold:   140        SH:  0    Dex: 13    Spells: 2/13 levels left

rFire    . . .     SeeInvis .   g - +1 short sword (elec)
rCold    . . .     Gourm    .   (no shield)
rNeg     . . .     Faith    .   j - +0 leather armour
rPois    .         Spirit   .   c - +2 hat
rElec    .         Reflect  .   (no cloak)
rCorr    .         Harm     .   (no gloves)
MR       .....                  (no boots)
Stlth    ++........             (no amulet)
HPRegen  0.06/turn              (no ring)
MPRegen  0.13/turn              (no ring)

@: very slightly contaminated
A: no striking features
a: no special abilities


You were on level 5 of the Dungeon.
You were not hungry.

You visited 1 branch of the dungeon, and saw 4 of its levels.

You collected 140 gold pieces.

Inventory:

Hand Weapons
 f - a +0 short sword
 g - a +1 short sword of electrocution (weapon)
 l - a +2 vampiric rapier
Armour
 a - a +0 robe
 b - a +0 hat
 c - a +2 hat (worn)
 j - a +0 leather armour (worn)
Scrolls
 e - 2 scrolls of magic mapping
 h - a scroll of random uselessness {unknown}
Potions
 i - a potion of resistance
Comestibles
 d - 5 rations


   Skills:
 + Level 2.6 Dodging
 + Level 2.5 Stealth
 * Level 5.8 Spellcasting
 + Level 1.3 Conjurations
 + Level 1.1 Summonings
 + Level 1.1 Translocations


You had 2 spell levels left.
You knew the following spells:

 Your Spells              Type           Power        Failure   Level  Hunger
a - Magic Dart            Conj           ##..         9%          1    None
b - Blink                 Tloc           N/A          16%         2    None
c - Call Imp              Summ           ##......     16%         2    None
d - Conjure Flame         Conj/Fire      #.......     34%         3    #......
e - Mephitic Cloud        Conj/Pois/Air  #.......     36%         3    #......

Your spell library contained the following spells:

 Spells                   Type           Power        Failure   Level  Hunger
 Slow                     Hex            #.......     24%         2    None


Dungeon Overview and Level Annotations

Branches:
Dungeon (5/15)
 Temple: D:4-7

Altars:
Okawaru


Message History

Confirm with . or Enter, or press ? or * to list all spells.
Okay, then.
Your crimson imp barely misses the iguana.
The iguana bites your crimson imp.
Your crimson imp hits the iguana but does no damage.
The iguana barely misses your crimson imp.
Your crimson imp disappears in a puff of smoke!
The iguana hisses angrily.
The iguana hisses menacingly.
Casting: Call Imp (safe; 16% risk of failure)
Confirm with . or Enter, or press ? or * to list all spells.
Aiming: Conjure Flame (safe; 34% risk of failure)
Press: ? - help, Dir - move target cursor You miscast Conjure Flame.
You are very lightly contaminated with residual magic.
Fire whirls out from your hands!
A fire vortex comes into view.
The fire vortex hits you. The fire vortex burns you!
Ouch! That really hurt!
You die...

######### #...l...#
#.#####@####### ####
#.# #........# .....
#l# #.....##.#
......#.####.###.##.#
.............#...##.#
...)..#.########.##.#
......#.# #...##.#
..... #.# #.####.#
..... #.# #.####.##


You could see an iguana.

Vanquished Creatures
  2 adders (D:2)
  An adder skeleton (D:5)
  2 leopard geckos
  A ball python (D:1)
  2 jackals (D:1)
  2 kobolds (D:1)
  3 frilled lizards (D:1)
  5 rats
18 creatures vanquished.

Notes
Turn   | Place    | Note
-------+----------+-------------------------------------------
     0 | D:1      | CaptainPlanet the Deep Elf Wizard began the quest for the
                  | Orb.
     0 | D:1      | Reached XP level 1. HP: 10/10 MP: 7/7
   244 | D:1      | Reached skill level 5 in Spellcasting
   303 | D:1      | Reached XP level 2. HP: 15/15 MP: 6/10
  1033 | D:2      | Learned a level 2 spell: Blink
  1036 | D:2      | Learned a level 2 spell: Call Imp
  1055 | D:2      | Reached XP level 3. HP: 19/19 MP: 0/12
  1558 | D:2      | You fall through a shaft for 2 floors!
  1560 | D:4      | Found an iron altar of Okawaru.
  1636 | D:5      | Entered Level 5 of the Dungeon
  1865 | D:5      | Learned a level 3 spell: Conjure Flame
  1886 | D:5      | Learned a level 3 spell: Mephitic Cloud
  1952 | D:5      | Slain by a fire vortex

Skill      XL: |  1 |
---------------+----+-----
Spellcasting   | 5 |  5.8
Dodging        | |  2.6
Stealth        | |  2.5
Conjurations   | |  1.3
Summonings     | |  1.1
Translocations | |  1.1

Action                   || total
-------------------------++-------
Melee: Short sword       ||     2
 Cast: Magic Dart        ||    50
       Call Imp          ||    15
       Conjure Flame     ||     2
       Blink             ||     2
  Use: Potion            ||     6
       Scroll            ||     4
  Eat: Ration            ||     1
Armor: Robe              ||     2
       Leather armour    ||     9
Dodge: Dodged            ||    11
